AoeStats
← Fluvialgeomorphologist

Fortress

510024503Analyzed
4v4 RM · 3d ago on Sep 29, 2026· 51m 43s· 8 players
Game mode
Random Map
Map size
Huge
Population
200
Speed
Normal
Resources
Standard
Victory
Conquest
Starting age
Dark Age
Ending age
Imperial Age
RankedLock teamsTeams togetherTeam positionsShared explorationLock speedFull tech treeHidden civsTurbo modeCheats
Victory
Defeat
🇺🇸 Malians · United States
915
+13
🇺🇸 Varangians · United States
880
+14
🇺🇾 Danes · Uruguay
874
+15
🇺🇾 Khmer · Uruguay
870
+15
🇲🇽 Danes · Mexico
860
-15
🇲🇽 Vikings · Mexico
857
-15
🇲🇽 Saxons · Mexico
836
-14
🇲🇽 Bohemians · Mexico
819
-13
jcarroll10
8:15 Feudal Age
12:26 Castle Age
10:48 Double-Bit Axe
11:28 Horse Collar
14:57 Heavy Plow
15:09 Bow Saw
28:49 Forging
28:29 Fletching
28:45 Scale Barding Armor
31:14 Gold Mining
31:42 Bloodlines
32:09 Husbandry
32:20 Light Cavalry
33:25 Chain Barding Armor
34:30 Wheelbarrow
33:43 Loom
33:44 Town Watch
36:59 Imperial Age
34:39 Bodkin Arrow
36:51 Iron Casting
38:11 Conscription
37:15 Elite Jarl
39:01 Blast Furnace
39:40 Plate Barding Armor
39:01 Stone Mining
39:52 Caravan
40:35 Hussar
vitavidal91
6:55 Feudal Age
9:10 Double-Bit Axe
9:24 Horse Collar
13:36 Castle Age
13:41 Gold Mining
19:03 Husbandry
19:13 Scale Barding Armor
19:32 Ballistics
19:52 Wheelbarrow
19:37 Bloodlines
19:56 Bloodlines
23:57 Hand Cart
23:29 Loom
29:03 Light Cavalry
29:55 Forging
30:06 Chain Barding Armor
29:59 Forging
30:12 Forging
32:39 Imperial Age
31:04 Heavy Plow
31:17 Bow Saw
31:00 Stone Mining
31:33 Chain Barding Armor
31:49 Iron Casting
30:37 Light Cavalry
32:07 Fletching
32:50 Masonry
32:41 Elite Ballista Elephant
34:01 Plate Barding Armor
34:37 Chemistry
34:32 Double Crossbow
35:16 Conscription
36:16 Siege Engineers
36:37 Hussar
42:19 Blast Furnace
Fluvialgeomorphologist
8:00 Feudal Age
6:16 Loom
11:43 Castle Age
9:31 Loom
9:35 Horse Collar
10:45 Gold Mining
12:59 Heavy Plow
14:44 Double-Bit Axe
19:23 Bow Saw
21:32 Wheelbarrow
21:11 Town Watch
26:07 Imperial Age
24:41 Gold Shaft Mining
24:33 Bloodlines
24:26 Husbandry
25:13 Squires
26:53 Forging
26:49 Scale Barding Armor
27:02 Farimba
26:24 Cavalier
27:15 Stone Mining
27:37 Light Cavalry
29:22 Hand Cart
30:28 Conscription
31:43 Iron Casting
32:02 Capped Ram
32:59 Heavy Camel Rider
35:08 Stone Shaft Mining
36:44 Man-at-Arms
39:22 Long Swordsman
41:36 Scale Mail Armor
41:58 Chain Barding Armor
41:03 Long Swordsman
41:44 Two-Handed Swordsman
42:10 Elite Gbeto
42:19 Champion
felipegarcia92
7:54 Feudal Age
6:10 Loom
13:46 Castle Age
11:39 Double-Bit Axe
11:39 Horse Collar
11:33 Man-at-Arms
12:21 Scale Mail Armor
14:49 Gold Mining
15:07 Husbandry
15:50 Heavy Plow
16:51 Bow Saw
17:45 Forging
18:45 Caravan
22:07 Chain Mail Armor
22:29 Iron Casting
23:56 Squires
23:42 Gambesons
31:50 Wheelbarrow
32:49 Wheelbarrow
37:23 Arson
43:06 Masonry
43:18 Ballistics
42:54 Murder Holes
44:15 Hand Cart
47:49 Imperial Age
49:38 Blast Furnace
49:09 Plate Mail Armor
49:03 Conscription
49:45 Hamask
Chekesin89
1:28 Loom
8:19 Feudal Age
9:59 Double-Bit Axe
11:07 Wheelbarrow
15:18 Castle Age
13:10 Horse Collar
15:09 Arson
18:00 Hand Cart
21:04 Hand Cart
23:50 Squires
23:36 Gambesons
24:54 Murder Holes
27:49 Bow Saw
28:17 Caravan
28:44 Husbandry
29:16 Bloodlines
31:57 Scale Mail Armor
34:21 Pikeman
42:30 Chain Mail Armor
42:25 Forging
46:43 Imperial Age
45:24 Ballistics
46:57 Shield Wall
47:25 Cavalier
48:02 Halberdier
48:03 Elite Varangian Guard
48:52 Elite Hearth Troop
Odiseo
2:25 Loom
8:23 Feudal Age
9:33 Arson
12:34 Castle Age
10:37 Double-Bit Axe
10:41 Horse Collar
11:33 Gold Mining
11:49 Scale Mail Armor
13:28 Wheelbarrow
14:52 Squires
16:43 Chain Mail Armor
20:11 Forging
21:36 Heavy Plow
24:37 Fletching
25:22 Iron Casting
24:40 Fletching
25:09 Bow Saw
29:42 Imperial Age
28:48 Gold Shaft Mining
28:06 Stone Mining
29:01 Hand Cart
31:33 Chemistry
30:29 Onager
32:34 Conscription
32:27 Capped Ram
33:38 Siege Onager
36:35 Murder Holes
36:04 Pikeman
36:43 Town Watch
38:22 Bodkin Arrow
39:11 Halberdier
39:43 Elite Varangian Guard
46:55 Siege Ram
Dr. Heinz Doofenshmirtz
5:55 Loom
8:26 Feudal Age
13:35 Castle Age
12:27 Forging
12:17 Scale Mail Armor
12:27 Scale Mail Armor
13:45 Double-Bit Axe
13:55 Arson
14:19 Squires
16:29 Iron Casting
19:06 Chain Mail Armor
24:13 Pikeman
24:59 Chieftains
36:12 Imperial Age
36:55 Elite Varangian Guard
38:41 Conscription
38:27 Capped Ram
41:43 Onager
49:55 Fletching
50:05 Padded Archer Armor
Matarreyes
3:12 Loom
8:23 Feudal Age
12:56 Castle Age
12:10 Double-Bit Axe
14:13 Bow Saw
15:56 Padded Archer Armor
15:46 Fletching
16:05 Elite Skirmisher
16:07 Crossbowman
17:39 Wheelbarrow
22:58 Ballistics
26:56 Chemistry
28:51 Hand Cart
29:00 Leather Archer Armor
28:49 Horse Collar
28:56 Pikeman
29:36 Squires
29:39 Town Watch
31:20 Bodkin Arrow
31:36 Forging
31:26 Scale Mail Armor
31:59 Town Patrol
39:47 Imperial Age
38:02 Arson
39:04 Iron Casting
38:44 Chain Mail Armor
38:35 Scale Barding Armor
40:50 Houfnice
41:46 Halberdier
42:29 Bracer
42:59 Ring Archer Armor
43:29 Blast Furnace
43:00 Plate Mail Armor
42:50 Chain Barding Armor
42:55 Bombard Tower
42:33 Murder Holes
43:55 Houfnice
45:53 Conscription
48:37 Heavy Plow
Connection lost

Rejoining the realm…

Still unreachable

The connection could not be restored.

Session expired

The server has moved on; the page needs a fresh start.